Map: Orbital Shipyard

Players

lesha

  • Race: Terran Terran
  • League: Gold

Ace - Winner!

  • Race: Protoss Protoss
  • League: Gold

VOD

Have the link to the VOD?

Description

Time

  • Played on: Jan. 9, 2016, 11:25 a.m.
  • Length: 12:41
Show
View Real Time Build Order
Export as new Build Order

lesha Terran 

Build Orders: Reaper Expand, MMM Bio 

Get SALT Encoding   

  12  0:01  SCV  
  13  0:13  SCV  
  14  0:18  Supply Depot  
  14  0:25  SCV  
  15  0:39  SCV  
  15  0:41  Barracks  
  16  0:52  SCV, Refinery  
  17  1:04  SCV  
  18  1:16  SCV  
  19  1:28  Orbital Command  
  19  1:35  Reaper  
  20  1:56  Command Center  
  20  1:57  SCV  
  21  2:06  Refinery  
  21  2:07  Supply Depot  
  21  2:12  Factory  
  21  2:21  SCV  
  22  2:34  Barracks  
  22  2:37  Barracks Reactor  
  22  2:38  Barracks  
  22  2:44  SCV  
  23  2:56  SCV  
  24  2:59  Factory Tech Lab  
  24  3:09  SCV  
  25  3:15  Orbital Command  
  25  3:16  Marine x2  
  25  3:17  Bunker  
  27  3:23  Siege Tank  
  30  3:28  Marine  
  30  3:29  Marine  
  32  3:34  SCV  
  32  3:40  SCV  
  34  3:44  Marine  
  34  3:45  Marine  
  34  3:46  SCV  
  37  3:49  Barracks Tech Lab  
  37  3:53  SCV  
  37  3:55  Supply Depot  
  38  3:57  Marine  
  38  3:58  SCV  
  40  4:06  SCV  
  41  4:11  SCV  
  41  4:12  Marine x2  
  45  4:17  Marauder  
  45  4:19  SCV, Siege Tank  
  45  4:22  Barracks Reactor  
  50  4:25  Stimpack  
  50  4:26  SCV  
  51  4:32  Marine  
  51  4:33  Marine  
  53  4:48  Supply Depot  
  53  4:50  SCV  
  53  4:51  Supply Depot  
  54  4:54  SCV, Marauder  
  54  4:58  Marine x2  
  54  4:59  Starport  
  59  5:06  SCV  
  60  5:07  SCV  
  60  5:12  Marine  
  60  5:13  Marine  
  63  5:18  Engineering Bay  
  63  5:21  Marine x2  
  63  5:24  Marauder  
  67  5:34  Marine x2  
  69  5:36  Starport Reactor  
  69  5:38  Barracks  
  69  5:39  Barracks  
  69  5:44  Refinery  
  69  5:45  SCV  
  69  5:46  SCV  
  69  5:47  Marine x2  
  69  5:48  Refinery  
  75  5:51  Marauder  
  75  5:54  Marine x2  
  77  5:59  SCV  
  78  6:07  Supply Depot  
  78  6:08  Missile Turret  
  78  6:15  Missile Turret  
  78  6:29  SCV x2, Marine x3  
  81  6:41  SCV x2  
  81  6:43  Marine x2  
  81  6:46  Marine  
  86  7:01  Supply Depot  
  86  7:02  Command Center  
  86  7:04  Supply Depot  
  86  7:23  SCV, Medivac x2, Marine x2  
  82  7:49  Marine x2  
  82  7:50  Marine x3  
  87  7:55  SCV  
  87  7:56  SCV  
  89  7:58  Terran Infantry Weapons Level 1  
  89  7:59  Combat Shields  
  86  8:07  Marine x3  
  86  8:08  SCV x2, Siege Tank  
  86  8:09  Marine  
  86  8:10  Marine  
  85  8:20  SCV  
  85  8:25  Marine  
  71  8:28  Marine x4  
  71  8:30  Medivac x2  
  77  8:40  Siege Tank  
  80  8:43  Barracks, Marine  
  80  8:46  Barracks, Marine  
  80  8:47  Barracks  
  82  8:50  Barracks  
  82  8:56  Marine  
  82  8:57  Marauder  
  85  9:06  Barracks Tech Lab x2  
  85  9:07  Marine  
  85  9:08  Marine x2  
  88  9:14  Marine  
  89  9:21  Engineering Bay  
  90  9:25  Marauder  
  90  9:26  Medivac x2  
  90  9:28  Marine x3  
  98  9:39  SCV x2  
  100  9:47  Marine x4  
  100  9:48  Armory  
  100  9:49  Marauder  
  100  9:51  SCV x2  
  104  10:11  SCV x2, Marine  
  104  10:12  Marine x3  
  108  10:16  Barracks Tech Lab x3  
  108  10:18  Marauder x3  
  108  10:20  Medivac x2  
  114  10:28  Supply Depot  
  114  10:29  Marine x3  
  114  10:31  Supply Depot x2  
  117  10:40  Terran Infantry Armor Level 1  
  117  10:49  Siege Tank, Marine x3  
  125  10:50  Marauder  
  125  10:52  Marauder x3, Marine x2  
  125  10:53  Marauder  
  135  11:02  Medivac  
  135  11:03  Medivac  
  139  11:07  Marauder  
  139  11:08  Marine x2  
  137  11:11  Marauder  
  137  11:14  Marauder x2  
  137  11:15  Marauder  
  79  11:42  Marine x6  
  79  11:43  Marauder x2, Marine  
  79  11:44  Marauder  
  75  12:00  Marine  
  75  12:01  Marauder x3, Medivac x2  
  82  12:05  Marauder  
  78  12:12  Marine x2  
  78  12:14  Marauder  
  75  12:18  Marine  
Show
View Real Time Build Order
Export as new Build Order

Ace Protoss - Winner!

Build Orders:  

Get SALT Encoding   

  12  0:01  Probe (Chrono Boost)  
  13  0:11  Probe (Chrono Boost)  
  14  0:22  Probe (Chrono Boost)  
  14  0:27  Pylon  
  15  0:45  Probe (Chrono Boost)  
  15  0:49  Gateway  
  16  0:50  Assimilator  
  16  0:55  Probe (Chrono Boost)  
  17  1:06  Probe (Chrono Boost)  
  17  1:09  Gateway  
  18  1:16  Probe (Chrono Boost)  
  19  1:22  Pylon  
  19  1:27  Probe (Chrono Boost)  
  20  1:38  Probe (Chrono Boost)  
  21  1:48  Probe (Chrono Boost)  
  21  1:52  Cybernetics Core  
  22  1:55  Gateway  
  22  1:57  Gateway  
  22  2:16  Probe (Chrono Boost)  
  22  2:17  Assimilator  
  22  2:30  Forge  
  22  2:32  Adept x2  
  22  2:36  Probe (Chrono Boost)  
  27  2:44  Adept  
  27  2:46  Adept  
  31  3:16  Pylon  
  31  3:22  Nexus  
  31  3:34  Probe (Chrono Boost), Adept  
  31  3:37  Photon Cannon  
  34  4:00  Adept  
  34  4:01  Adept  
  38  4:08  Photon Cannon  
  38  4:13  Pylon  
  38  4:20  Pylon  
  38  4:31  Probe (Chrono Boost), Adept  
  39  4:36  Probe (Chrono Boost)  
  42  4:41  Probe (Chrono Boost)  
  43  4:46  Probe (Chrono Boost)  
  43  4:50  Stalker  
  43  4:51  Warp Gate (Chrono Boost)  
  46  4:56  Robotics Facility  
  46  5:02  Probe  
  47  5:09  Probe  
  47  5:13  Probe  
  48  5:15  Stalker (Chrono Boost)  
  51  5:21  Probe  
  51  5:27  Stalker (Chrono Boost)  
  56  5:29  Stalker (Chrono Boost)  
  56  5:40  Stalker (Chrono Boost)  
  58  5:46  Stalker (Chrono Boost)  
  60  5:56  Immortal (Chrono Boost)  
  64  6:08  Pylon  
  64  6:09  Probe  
  65  6:13  Pylon  
  65  6:15  Pylon  
  65  6:21  Probe  
  65  6:22  Stalker  
  65  6:25  Stalker  
  70  6:30  Warp Prism (Chrono Boost)  
  70  6:50  Stargate  
  70  6:52  Stargate  
  70  6:55  Stalker  
  70  6:57  Stalker  
  78  7:01  Immortal (Chrono Boost)  
  78  7:03  Twilight Council  
  68  7:46  Stalker  
  68  7:47  Stalker  
  68  7:50  Adept x2  
  76  8:05  Immortal (Chrono Boost)  
  80  8:07  Void Ray  
  80  8:12  Assimilator  
  84  8:13  Probe  
  84  8:16  Assimilator  
  69  8:20  Adept x3  
  69  8:22  Adept  
  69  8:25  Probe  
  68  8:39  Immortal (Chrono Boost)  
  72  8:46  Gateway  
  72  8:47  Gateway  
  72  8:49  Zealot x2  
  72  8:50  Zealot x2  
  80  9:05  Nexus  
  80  9:06  Probe  
  80  9:07  Pylon  
  80  9:08  Probe  
  82  9:10  Pylon  
  82  9:18  Probe  
  82  9:20  Probe  
  84  9:30  Probe  
  84  9:31  Void Ray (Chrono Boost)  
  89  9:32  Probe, Void Ray (Chrono Boost)  
  94  9:44  Adept x3  
  100  9:46  Adept  
  95  10:21  Pylon  
  95  10:23  Probe  
  95  10:27  Probe  
  98  10:35  Probe  
  98  10:37  Probe  
  99  10:43  Adept  
  99  10:44  Adept x3  
  99  10:47  Probe  
  99  10:48  Probe, Pylon  
  109  10:51  Pylon  
  109  10:54  Pylon  
  109  10:57  Pylon  
  109  10:58  Probe  
  109  11:00  Pylon  
  109  11:03  Void Ray (Chrono Boost)  
  114  11:07  Void Ray (Chrono Boost)  
  68  12:00  Stalker x5  
  68  12:01  Stalker  
Tags
 
Add a new tag
Caveats
  • Supply blocks, unpowered buildings, or Contaminate may cause inaccurate times.
  • Supply counts are checked every 10 seconds.